 Dungeon Crawl Stone Soup version 0.20.0-8-g6b59dc7 (webtiles) character file.

89 smedtjen the Skirmisher (level 4, 0/37 HPs)
             Began as a Demonspawn Abyssal Knight on May 30, 2017.
             Was a Follower of Lugonu.
             Slain by a goblin (3 damage)
             ... on level 3 of the Dungeon.
             The game lasted 00:07:38 (1964 turns).

smedtjen the Skirmisher (Demonspawn Abyssal Knight) Turns: 1964, Time: 00:07:39

Health: 0/37       AC:  3    Str: 13    XL:     4   Next: 31%
Magic:  6/6        EV: 11    Int: 13    God:    Lugonu [*.....]
Gold:   57         SH:  0    Dex: 13    Spells: 3/3 levels left

rFire    . . .     SeeInvis .   a - +1 hand axe
rCold    . . .     Gourm    .   (no shield)
rNeg     . . .     Faith    .   b - +0 leather armour
rPois    .         Spirit   .   (no helmet)
rElec    .         Reflect  .   (no cloak)
rCorr    .         Harm     .   (no gloves)
MR       .....                  (no boots)
Stlth    +.........             (no amulet)
Regen    0.2/turn               (no ring)
MPRegen  0.1/turn               (no ring)

@: no status effects
A: hooves 1, powered by pain 1
a: Depart the Abyss, Renounce Religion


You were on level 3 of the Dungeon.
You worshipped Lugonu.
Lugonu was aware of your devotion.
You were not hungry.

You visited 1 branch of the dungeon, and saw 3 of its levels.
You visited the Abyss 1 time.

You collected 57 gold pieces.

Inventory:

Hand Weapons
 a - a +1 hand axe (weapon)
Armour
 b - a +0 leather armour (worn)
 m - a +1 robe of fire resistance
Wands
 l - a wand of polymorph (24/24)
Scrolls
 n - a scroll of teleportation {unknown}
 o - a scroll of noise {unknown}
 q - a scroll of enchant armour {unknown}
Potions
 d - a potion of curing {unknown}
 p - 2 potions of magic {unknown}
Comestibles
 c - a bread ration
 g - 3 fruits
 i - a meat ration
 k - 2 chunks of flesh


   Skills:
 + Level 3.7 Fighting
 + Level 2.7 Axes
 + Level 2.4 Armour
 + Level 1.3 Dodging
 + Level 2.8 Invocations


You had 3 spell levels left.
You didn't know any spells.

Dungeon Overview and Level Annotations

Branches:
Dungeon (3/15)

Altars:

Annotations:
D:2 Terence


Innate Abilities, Weirdness & Mutations

You have large cloven feet.
You sometimes gain a little power by taking damage.


Message History

Okay, then.
Welcome back, smedtjen the Demonspawn Abyssal Knight.
Lugonu says: Spread carnage and corruption!
Press ? for a list of commands and other information.
As you read the scroll labeled GAEG YTIXI, it crumbles to dust.
It is a scroll of identify.
m - a +1 robe of fire resistance
As you read the scroll labeled DINESM KORCHYAR, it crumbles to dust.
It is a scroll of recharging.
Charge which item? (? for menu, Esc to quit)
Your wand of polymorph (?/24) glows for a moment.
The orc priest looks encouraged for a moment.
As you read the scroll labeled WIREUV VAPEALEE, it crumbles to dust.
Your ears itch!
It was a scroll of random uselessness.
The goblin hits you.
* * * LOW HITPOINT WARNING * * *
Unknown command.
As you read the scroll labeled KOTEFEPSUI, it crumbles to dust.
You feel blessed for a moment.
It was a scroll of remove curse.
The goblin hits you.
You die...

# #..#..#....####..... #
#..#..#...........# #
###..#..####.##.....# #
#............#......#
###........#####....#
.##.................# #
.##..)....#######...#...
.##.......##.....o.......
.##.....(.##....@go..#...
###.......##....)....# .#
..........#####....### #
###...........#.##.#
#.#########.#. ##
#.........#.#.
######.#..#.##
#.[####.#.# #....#..#.#


You could see an orc priest, an orc and a goblin.

Vanquished Creatures
  Jessica (D:3)
  A gnoll (D:1)
  An ooze (D:1)
  A worm (D:3)
  A dart slug (D:1)
  2 orcs (D:3)
  2 giant cockroaches (D:1)
  6 goblins
  9 hobgoblins
  3 jackals (D:3)
  A ball python (D:1)
  3 bats (D:1)
  4 kobolds (D:1)
  6 rats
41 creatures vanquished.

Notes
Turn   | Place    | Note
-------+----------+-------------------------------------------
     0 | Abyss:1  | smedtjen the Demonspawn Abyssal Knight began the quest for the Orb.
     0 | Abyss:1  | Reached XP level 1. HP: 18/18 MP: 2/2
    77 | Abyss:1  | Noticed a quasit
    77 | D:1      | Escaped the Abyss
   213 | D:1      | Reached skill level 1 in Dodging
   245 | D:1      | Gained mutation: You have large cloven feet. [demonic ancestry]
   245 | D:1      | Reached XP level 2. HP: 23/24 MP: 3/3
   361 | D:1      | Reached * piety under Lugonu
   941 | D:1      | Gained mutation: You sometimes gain a little power by taking damage. [demonic ancestry]
   941 | D:1      | Reached XP level 3. HP: 29/29 MP: 5/5
  1485 | D:2      | Noticed Terence
  1565 | D:3      | Noticed Jessica
  1572 | D:3      | Killed Jessica
  1572 | D:3      | Reached XP level 4. HP: 16/37 MP: 6/6
  1964 | D:3      | Slain by a goblin

Skill      XL: |  1  2 |
---------------+-------+-----
Dodging        | 1 |  1.3
Axes           | 2 |  2.7
Armour         | 2 |  2.4
Fighting       | |  3.7
Invocations    | |  2.8

Action                   |  1- 3 |  4- 6 || total
-------------------------+-------+-------++-------
Melee: Hand axe          |    95 |    20 ||   115
       Kick              |    16 |     3 ||    19
Invok: Depart the Abyss  |     1 |       ||     1
  Use: Scroll            |       |     4 ||     4
  Eat: Chunk             |     2 |     1 ||     3
Armor: Leather armour    |    43 |     1 ||    44
Dodge: Dodged            |    82 |    12 ||    94
